 Dungeon Crawl Stone Soup version 0.20.1-1-g8b1a95d (webtiles) character file.

219 robba the Shield-Bearer (level 6, 0/48 HPs)
             Began as a Human Fighter on Aug 23, 2017.
             Was a Follower of Elyvilon.
             Killed by divine providence
             ... invoked by an orc priest
              (16 damage)
             ... on level 3 of the Dungeon.
             The game lasted 00:28:23 (3047 turns).

robba the Shield-Bearer (Human Fighter)             Turns: 3047, Time: 00:28:27

Health: 0/48       AC:  9    Str: 17    XL:     6   Next: 17%
Magic:  6/6        EV:  7    Int:  9    God:    Elyvilon [*.....]
Gold:   155        SH:  9    Dex: 13    Spells: 5/5 levels left

rFire    . . .     SeeInvis .   a - +0 war axe
rCold    . . .     Gourm    .   c - +0 shield
rNeg     . . .     Faith    .   b - +0 scale mail
rPois    .         Spirit   .   t - +1 helmet
rElec    .         Reflect  .   (no cloak)
rCorr    .         Harm     .   (no gloves)
MR       .....                  (no boots)
Stlth    ..........             (no amulet)
Regen    0.2/turn               i - ring of flight
MPRegen  0.1/turn               (no ring)

@: no status effects
A: no striking features
a: Lesser Healing, Divine Protection, Renounce Religion, Evoke Flight


You were on level 3 of the Dungeon.
You worshipped Elyvilon.
Elyvilon was aware of your devotion.
You were hungry.

You visited 1 branch of the dungeon, and saw 3 of its levels.

You collected 155 gold pieces.

Inventory:

Hand Weapons
 a - a +0 war axe (weapon)
 k - a +4 dagger
Missiles
 j - a throwing net
 r - 28 poisoned needles (quivered)
Armour
 b - a +0 scale mail (worn)
 c - a +0 shield (worn)
 n - a +0 ring mail
 t - a +1 helmet (worn)
Jewellery
 i - a ring of flight (left hand)
 q - an uncursed ring of wizardry
 y - an uncursed amulet of harm {unknown}
Scrolls
 e - 3 scrolls of remove curse
 h - a scroll of magic mapping
 o - 4 scrolls of teleportation {unknown}
 s - 2 scrolls of amnesia
 x - a scroll of enchant armour
 z - a scroll of enchant weapon {unknown}
Potions
 d - 2 potions of might
 f - a potion of mutation {unknown}
 g - 2 potions of heal wounds
 v - a potion of flight {unknown}
 w - a potion of invisibility
 A - a potion of magic {unknown}
Comestibles
 l - 2 meat rations
 m - 7 fruits
 p - 2 bread rations


   Skills:
 + Level 3.8 Fighting
 - Level 1.1 Short Blades
 + Level 3.2 Axes
 + Level 3.4 Armour
 + Level 1.2 Dodging
 + Level 0.4 Stealth
 + Level 4.4 Shields


You had 5 spell levels left.
You didn't know any spells.

Dungeon Overview and Level Annotations

Branches:
Dungeon (3/15)

Altars:
Elyvilon


Message History

You block the orc priest's attack.
You are too injured to fight recklessly!
You slash the orc!
You kill the orc!
You hit the orc priest.
The orc priest casts a cantrip, but nothing happens.
The orc priest miscasts a cantrip.
The orc hits you but does no damage.
You hit the orc priest.
The orc priest is almost dead.
You hit the orc. You block the orc's attack.
The orc priest calls down the wrath of Beogh upon you.
Pain shoots through your body! You block the orc's attack.
Your shield and scale mail prevent you from hitting the orc priest.
The orc priest is almost dead.
You hit the orc.
You kill the orc!
The orc priest invokes the aid of Beogh against you.
Beogh smites you!
You die...

#.# .... #.# ...
####.###.####.
#.............
#.##.#?#......
#.##.#.###.###
#†##..)..#...
#.####)#...... #
#.######.####@#.#.##. #.##
............o......?. #.##
...#.#####.#######.#....
#.## #....>≈....# .#...#
##... ..#.#####.†####
.#..... #.... #.......#
....... #..## #.#..##.#
#...######..## #[#..##.#
#.......>.....
#.#..##.######...####....#.


You could see an orc priest.

Vanquished Creatures
  A sky beast (D:3)
  2 adders
  2 oozes (D:1)
  3 worms
  4 dart slugs
  4 leopard geckos
  3 orcs (D:3)
  7 bats
  5 giant cockroaches
  6 goblins
  9 hobgoblins
  6 jackals (D:1)
  7 kobolds
  A quokka (D:3)
  2 frilled lizards (D:1)
  11 rats
73 creatures vanquished.

Notes
Turn   | Place    | Note
-------+----------+-------------------------------------------
     0 | D:1      | robba the Human Fighter began the quest for the Orb.
     0 | D:1      | Reached XP level 1. HP: 18/18 MP: 1/1
   134 | D:1      | Reached XP level 2. HP: 7/24 MP: 2/2
   538 | D:1      | Reached XP level 3. HP: 24/29 MP: 3/3
  1120 | D:1      | Reached XP level 4. HP: 32/35 MP: 4/4
  1481 | D:1      | Reached skill level 1 in Short Blades
  1924 | D:2      | Reached skill level 1 in Dodging
  2339 | D:2      | Found a white marble altar of Elyvilon.
  2347 | D:2      | Became a worshipper of Elyvilon the Healer
  2658 | D:3      | Reached skill level 4 in Shields
  2658 | D:3      | Reached XP level 5. HP: 35/41 MP: 5/5
  2983 | D:3      | Noticed a sky beast
  3015 | D:3      | Killed a sky beast
  3015 | D:3      | Reached XP level 6. HP: 18/48 MP: 6/6
  3032 | D:3      | Reached * piety under Elyvilon
  3047 | D:3      | Killed from afar by an orc priest

Skill      XL: |  1  2  3  4  5 |
---------------+----------------+-----
Short Blades   | 1 |  1.1
Dodging        | 1 |  1.2
Shields        | 4 |  4.4
Axes           | 3 |  3.2
Fighting       | |  3.8
Armour         | |  3.4
Stealth        | |  0.4

Action                   |  1- 3 |  4- 6 || total
-------------------------+-------+-------++-------
Melee: War axe           |    59 |    85 ||   144
       Dagger            |    66 |    97 ||   163
Throw: Tomahawk          |     4 |       ||     4
       Throwing net      |     2 |       ||     2
  Use: Scroll            |     3 |     4 ||     7
  Eat: Chunk             |       |     2 ||     2
       Bread ration      |       |     1 ||     1
Armor: Scale mail        |    58 |    47 ||   105
       Ring mail         |       |    27 ||    27
Dodge: Dodged            |    39 |    54 ||    93
Block: Shield            |    53 |    88 ||   141
